 Dungeon Crawl Stone Soup version 0.21.1-1-g345015f (webtiles) character file.

1337 Fang the Chopper (level 8, -2/51 HPs)
             Began as a Gargoyle Berserker on June 13, 2018.
             Was an Elder of Trog.
             Slain by Edmund
             ... wielding a +2 dire flail of protection
              (4 damage)
             ... on level 5 of the Dungeon.
             The game lasted 00:06:26 (5215 turns).

Fang the Chopper (Gargoyle Berserker)               Turns: 5215, Time: 00:06:26

Health: -2/51      AC:  7    Str: 24    XL:     8   Next: 61%
Magic:  0/8        EV: 13    Int:  7    God:    Trog [****..]
Gold:   164        SH:  0    Dex:  9    Spells: 7/7 levels left

rFire    + . .     SeeInvis .   a - +0 hand axe
rCold    + . .     Gourm    .   (no shield)
rNeg     + . .     Faith    .   w - +0 robe {rC+ rF+}
rPois    ∞         Spirit   +   (no helmet)
rElec    +         Reflect  .   (no cloak)
rCorr    .         Harm     .   (no gloves)
MR       +....                  (no boots)
Stlth    ++........             q - amulet of guardian spirit
HPRegen  0.17/turn              x - ring of protection from magic
MPRegen  0.11/turn              (no ring)

@: berserk cooldown, slowed, very slow
A: negative energy resistance 1, electricity resistance, unbreathing,
petrification resistance, rot immunity, AC +5
a: Berserk, Trog's Hand, Brothers in Arms, Burn Spellbooks, Renounce Religion


You were on level 5 of the Dungeon.
You worshipped Trog.
Trog was greatly pleased with you.
You were near starving.

You visited 1 branch of the dungeon, and saw 5 of its levels.
You also visited: Ossuary.

You collected 164 gold pieces.

Inventory:

Hand Weapons
 a - a +0 hand axe (weapon)
Armour
 w - a +0 robe of resistance (worn)
Jewellery
 q - an amulet of guardian spirit (around neck)
 x - a ring of protection from magic (left hand)
Wands
 b - a wand of random effects (6)
Scrolls
 d - 5 scrolls of teleportation {unknown}
 f - a scroll of enchant armour {unknown}
 g - a scroll of magic mapping {unknown}
 k - 4 scrolls of identify {unknown}
 n - a scroll of fear {unknown}
 o - 2 scrolls of amnesia {unknown}
 p - a scroll of remove curse {unknown}
 t - 2 scrolls of immolation {unknown}
Potions
 e - a potion of degeneration {unknown}
 h - 2 potions of might {unknown}
 i - 2 potions of resistance {unknown}
 j - 4 potions of brilliance {unknown}
 l - a potion of heal wounds {unknown}
 m - a potion of curing {unknown}
 s - 2 potions of agility
 u - a potion of cancellation {unknown}
 v - 2 potions of flight {unknown}
 z - a potion of haste {unknown}
 A - a potion of magic {unknown}
Books
 r - a book of Callings

   Spells                             Type                      Level
   a - Summon Small Mammal            Summoning                    1
   b - Call Imp                       Summoning                    2
   c - Call Canine Familiar           Summoning                    3
   d - Summon Guardian Golem          Hexes/Summoning              3
   e - Summon Lightning Spire         Summoning/Air                4
   f - Summon Ice Beast               Ice/Summoning                4
   Trog disapproves of the use of such an item.
Comestibles
 c - 4 rations


   Skills:
 + Level 5.8 Fighting
 + Level 7.6 Axes
 + Level 2.4 Armour
 + Level 3.8 Dodging
 + Level 2.5 Stealth


You had 7 spell levels left.
You didn't know any spells.

Dungeon Overview and Level Annotations

Branches:
Dungeon (5/15)
 Temple: D:4-7

Altars:
Elyvilon
Gozag
Makhleb
Ru
Sif Muna

Shops:
D:4 }

Annotations:
D:5 Edmund


Innate Abilities, Weirdness & Mutations

You are resistant to torment.
Your stone body is resilient. (AC +5)
You are immune to poison.
You resist negative energy. (rN+)
You are resistant to electric shocks. (rElec)
You can survive without breathing.
You are immune to petrification.
You are immune to rotting.


Message History

You barely miss Edmund.
Edmund is severely wounded.
Edmund closely misses you.
You hit Edmund.
Edmund is severely wounded.
Edmund says, "People think my brother is the best.
I think he's crazy."
Edmund hits you with a dire flail of protection!
* * * LOW HITPOINT WARNING * * *
You closely miss Edmund.
Edmund is severely wounded.
Edmund hits you with a dire flail of protection!
* * * LOW HITPOINT WARNING * * *
Edmund completely misses you.
You hit Edmund but do no damage.
Edmund is severely wounded.
Edmund hits you with a dire flail of protection.
You hit Edmund but do no damage.
Edmund is severely wounded.
Edmund hits you with a dire flail of protection.
You die...

##......# #.......#
.. #.......###### .#
#............. ..
##......####.# .# #
##....#...#.##.##.##
##.#..###..........
#.#...# #..#...#.#
##.##.###..@.....#
#####...#.@.....#
########.#### ##


You could see Edmund.

Vanquished Creatures
  The ghost of pkoi the Ruffian, an amateur DrMo of Okawaru (D:4)
  A sky beast (D:5)
  A centaur (D:5)
  Blork the orc (D:4)
  3 elf zombies (D:4)
  A bullfrog (D:3)
  A howler monkey (D:5)
  A hound (D:5)
  A jelly (D:4)
  3 human zombies (Ossuary)
  3 human skeletons (D:4)
  2 orc wizards (D:4)
  2 worker ants
  3 big kobold zombies (Ossuary)
  A hound skeleton (D:5)
  2 mummies (Ossuary)
  3 gnolls (D:2)
  A shadow imp (D:3)
  2 oozes
  An adder zombie (Ossuary)
  4 dart slugs
  4 leopard geckos
  2 orcs
  A giant cockroach (D:3)
  8 goblins
  8 hobgoblins
  4 jackals (D:2)
  A quokka (D:5)
  4 ball pythons
  7 bats
  4 frilled lizards
  A goblin zombie (Ossuary)
  9 hobgoblin zombies (Ossuary)
  3 jackal zombies (Ossuary)
  6 kobolds
  6 kobold zombies (Ossuary)
  A leopard gecko skeleton (D:5)
  3 orc skeletons (D:4)
  11 orc zombies
  9 rats
  A rat zombie (Ossuary)
131 creatures vanquished.

Notes
Turn   | Place    | Note
-------+----------+-------------------------------------------
     0 | D:1      | Fang the Gargoyle Berserker began the quest for the Orb.
     0 | D:1      | Reached XP level 1. HP: 14/14 MP: 1/1
    40 | D:1      | Reached XP level 2. HP: 14/19 MP: 2/2
   299 | D:1      | Reached skill level 3 in Axes
   422 | D:1      | Reached XP level 3. HP: 14/24 MP: 3/3
   570 | D:1      | Reached ** piety under Trog
  1125 | D:2      | Found an opulent altar of Gozag.
  1280 | D:2      | Reached XP level 4. HP: 28/29 MP: 4/4
  1328 | D:2      | Found a burning altar of Makhleb.
  1730 | D:2      | Found a sacrificial altar of Ru.
  2379 | D:3      | Found a white marble altar of Elyvilon.
  2380 | D:3      | Found a deep blue altar of Sif Muna.
  2381 | D:3      | Noticed a bullfrog
  2390 | D:3      | Killed a bullfrog
  2390 | D:3      | Reached skill level 4 in Axes
  2390 | D:3      | Reached XP level 5. HP: 33/33 MP: 5/5
  2609 | D:3      | Reached *** piety under Trog
  3003 | D:3      | Reached skill level 1 in Stealth
  3097 | D:4      | Noticed pkoi's ghost (amateur DrMo)
  3109 | D:4      | Killed pkoi's ghost
  3109 | D:4      | Reached skill level 5 in Axes
  3109 | D:4      | Reached XP level 6. HP: 39/39 MP: 3/6
  3295 | D:4      | Reached XP level 7. HP: 28/44 MP: 4/7
  3606 | D:4      | Reached skill level 5 in Fighting
  3670 | D:4      | Found a sand-covered staircase.
  3679 | Ossuary  | Entered an ossuary
  3931 | Ossuary  | Reached skill level 6 in Axes
  3948 | Ossuary  | Reached **** piety under Trog
  4260 | D:4      | Reached XP level 8. HP: 47/49 MP: 8/8
  4428 | D:4      | Noticed Blork the orc
  4442 | D:4      | Found Ocaakes's Gadget Emporium.
  4444 | D:4      | Killed Blork the orc
  4444 | D:4      | Reached skill level 7 in Axes
  4740 | D:5      | Entered Level 5 of the Dungeon
  5173 | D:5      | Noticed Edmund
  5213 | D:5      | HP: 1/51 [Edmund/dire flail of protection (6)]
  5215 | D:5      | Slain by Edmund

Skill      XL: |  1  2  3  4  5  6  7  8 |
---------------+-------------------------+-----
Axes           | 3 4 5 6 7 |  7.6
Fighting       | 4 5 |  5.8
Dodging        | 2 3 |  3.8
Stealth        | 1 2 |  2.5
Armour         | |  2.4

Action                   |  1- 3 |  4- 6 |  7- 9 || total
-------------------------+-------+-------+-------++-------
Melee: Hand axe          |   112 |   104 |   364 ||   580
Invok: Berserk           |     1 |     4 |     5 ||    10
 Stab: Sleeping          |       |     2 |     1 ||     3
  Eat: Chunk             |     2 |     7 |     3 ||    12
       Ration            |       |     1 |     2 ||     3
Armor: Animal skin       |    44 |    28 |    67 ||   139
       Robe              |       |       |    26 ||    26
Dodge: Dodged            |    87 |    74 |   143 ||   304
